AoeStats
← MrFox

Arabia

506055768Analyzed
1v1 RM · 21d ago on Sep 12, 2026· 47m 48s· 2 players
Game mode
Random Map
Map size
Tiny (2 player)
Population
200
Speed
Normal
Resources
Standard
Victory
Conquest
Starting age
Dark Age
Ending age
Imperial Age
RankedLock teamsTeams togetherTeam positionsShared explorationLock speedFull tech treeHidden civsTurbo modeCheats
Victory
Defeat
🇹🇼 Byzantines · Taiwan
1032
+18
🇮🇳 Romans · India
1078
-18
SuckGrandpaNipple
6:26 Loom
9:34 Feudal Age
19:43 Castle Age
17:49 Double-Bit Axe
18:29 Horse Collar
20:56 Bow Saw
20:52 Scale Barding Armor
20:53 Husbandry
20:57 Gold Mining
22:00 Forging
28:48 Fletching
29:54 Crossbowman
30:39 Thumb Ring
30:31 Bodkin Arrow
31:14 Heavy Plow
34:34 Imperial Age
32:08 Padded Archer Armor
33:35 Leather Archer Armor
34:00 Ballistics
33:21 Treadmill Crane
34:30 Pikeman
34:55 Gambesons
35:40 Conscription
35:28 Arbalester
36:55 Gold Shaft Mining
37:48 Bracer
38:16 Squires
38:56 Ring Archer Armor
40:28 Scale Mail Armor
41:03 Iron Casting
42:28 Chain Barding Armor
45:12 Logistica
46:48 Chemistry
47:19 Plate Barding Armor
MrFox
7:29 Loom
10:26 Feudal Age
11:09 Double-Bit Axe
16:06 Forging
19:13 Castle Age
23:10 Bow Saw
22:41 Horse Collar
24:01 Man-at-Arms
25:07 Pikeman
26:07 Squires
32:12 Long Swordsman
35:58 Imperial Age
34:05 Wheelbarrow
33:15 Town Watch
34:38 Scale Mail Armor
35:30 Iron Casting
37:50 Hand Cart
37:35 Town Patrol
37:11 Legionary
38:48 Elite Skirmisher
39:34 Heavy Scorpion
40:44 Fletching
40:54 Padded Archer Armor
41:26 Bodkin Arrow
Connection lost

Rejoining the realm…

Still unreachable

The connection could not be restored.

Session expired

The server has moved on; the page needs a fresh start.